 Dungeon Crawl Stone Soup version 0.30.1-3-gfc49f6343a (webtiles) character file.

Game seed: 2353109771310105055

6063 H0rd4k the Covert (level 10, -2/69 HPs)
             Began as an Octopode Artificer on Aug 1, 2023.
             Was an Initiate of Gozag.
             Slain by a tormentor (4 damage)
             ... on level 1 of the Abyss.
             The game lasted 00:14:03 (9629 turns).

H0rd4k the Covert (Octopode Artificer)              Turns: 9629, Time: 00:14:04

Health: -2/69      AC:  7    Str: 12    XL:     10   Next: 87%
Magic:  0/26       EV: 15    Int: 18    God:    Gozag
Gold:   748        SH:  0    Dex: 13    Spells: 9/19 levels left

rFire   x . .        K - +7 demon trident of Precise Incision {venom, rC- rN+++ rCorr Int+3}
rCold   . . .        (no shield)
rNeg    + + +        (helmet restricted)
rPois   .            g - amulet of guardian spirit
rElec   .            A - +4 ring of protection
rCorr   +            H - ring of ice
SInv    .            I - ring of magical power
Will    .....        N - ring of flight
Stlth   +++++        (no ring)
HPRegen 0.31/turn    (no ring)
MPRegen 0.20/turn    (no ring)
                     (no ring)

%: guardian spirit
@: about to teleport, flying, slowed, studying Fighting, unable to read, very
slow
A: almost no armour, amphibious, 8 rings, camouflage 1, gelatinous body 1,
(nimble swimmer 1), tentacles, iridescent scales 1, dopey 1, inability to read
after injury 1
a: Renounce Religion, Potion Petition, Call Merchant, Bribe Branch


You were on level 1 of the Abyss.
You worshipped Gozag.
Gozag was pleased with you.
You visited 1 branch of the dungeon, and saw 9 of its levels.
You visited the Abyss 1 time.
You also visited: Ossuary.

You collected 1361 gold pieces.
You spent 540 gold pieces at shops.
You paid 73 gold pieces to Gozag.

Inventory:

Hand Weapons
 m - the +4 dagger of Reason {venom, *Noise Str+4}
   (You bought it in a shop on level 1 of the Dungeon)

   Str:       It affects your strength (+4).
   *Noise:    It may make noises in combat.
 p - the +5 whip of the Supporting Gods {flame, rN+}
   (You found it on level 2 of the Dungeon)

   rN:        It protects you from negative energy.
 K - the +7 demon trident of Precise Incision (weapon) {venom, rC- rN+++ rCorr Int+3}
   (You bought it in a shop on level 1 of the Dungeon)

   Int:       It affects your intelligence (+3).
   rC:        It makes you vulnerable to cold.
   rN:        It renders you almost immune to negative energy.
   rCorr:     It protects you from acid and corrosion.
Missiles
 i - 3 atropa-tipped darts
 n - 10 poisoned darts
 y - 2 throwing nets
Magical Staves
 q - a staff of earth
Jewellery
 g - an amulet of guardian spirit (around mantle)
 A - a +4 ring of protection (left tentacle)
 H - a ring of ice (right tentacle)
 I - a ring of magical power (on tentacle)
 N - a ring of flight (on tentacle)
Wands
 b - a wand of flame (5) (quivered)
 l - a wand of mindburst (16)
Scrolls
 a - 3 scrolls of blinking {unknown}
 e - 10 scrolls of teleportation
 f - a scroll of torment
 h - 7 scrolls of identify
 j - 3 scrolls of noise
 k - 3 scrolls of amnesia {unknown}
 o - 4 scrolls of fog {unknown}
 s - 4 scrolls of poison {unknown}
 t - 2 scrolls of enchant weapon {unknown}
 v - 2 scrolls of vulnerability {unknown}
 x - 2 scrolls of fear {unknown}
 C - a scroll of brand weapon {unknown}
 E - a scroll of silence {unknown}
 F - 3 scrolls of enchant armour {unknown}
 G - 2 scrolls of butterflies {unknown}
 L - a scroll of magic mapping {unknown}
Potions
 r - 3 potions of brilliance
 u - a potion of ambrosia {unknown}
 w - 2 potions of attraction {unknown}
 z - 2 potions of degeneration {unknown}
 B - 2 potions of heal wounds
 D - a potion of curing
 J - a potion of might
 M - a potion of flight


   Skills:
 + Level 6.7 Fighting
 - Level 6.8 Maces & Flails
 + Level 6.1 Polearms
 + Level 5.4 Dodging
 + Level 9.5 Stealth
 + Level 1.4 Unarmed Combat
 * Level 5.1 Spellcasting
 * Level 4.0 Summonings
 + Level 5.2 Evocations


You had 9 spell levels left.
You knew the following spells:

 Your Spells              Type           Power      Damage    Failure   Level
a - Malign Gateway        Summ/Tloc      5%         N/A       100%        7
b - Inner Flame           Hex/Fire       4%         N/A       36%         3

Your spell library contained the following spells:

 Spells                   Type           Power      Damage    Failure   Level
 Ensorcelled Hibernation  Hex/Ice        12%        N/A       21%         2
 Sublimation of Blood     Necr           4%         N/A       21%         2
 Ozocubu's Armour         Ice            6%         N/A       36%         3
 Spider Form              Tmut/Pois      4%         N/A       36%         3
 Anguish                  Hex/Necr       2%         N/A       78%         4
 Flame Wave               Conj/Fire      4%         2d5       78%         4
 Petrify                  Tmut/Erth      4%         N/A       78%         4
 Sticky Flame             Conj/Fire      4%         2d3       78%         4
 Irradiate                Conj/Tmut      2%         3d12      98%         5
 Ozocubu's Refrigeration  Ice            3%         4d8       100%        7
 Summon Horrible Things   Summ           9%         N/A       100%        8


Dungeon Overview and Level Annotations

Branches:
Dungeon (9/15)             Temple (0/1) D:5         Ossuary (visited)
   Lair: D:8-11         Orc: D:9-12

Altars:
Cheibriados
Elyvilon
Gozag
Makhleb
Sif Muna
Uskayaw
Xom
Zin

Shops:
D:1 (   D:5 (

Annotations:
D:8 Joseph
D:9 Erolcha


Innate Abilities, Weirdness & Mutations

You cannot wear most types of armour.
You are amphibious.
You can wear up to eight rings at the same time.
Your skin changes colour to match your surroundings (Stealth+).
Your rubbery body absorbs attacks. (AC +1, EV +1)
((You are camouflaged when in or above water. (Stealth+)))
You have tentacles for arms and can constrict up to eight enemies at once.
You are partially covered in iridescent scales. (AC +2)
You are dopey. (Int -2)
You occasionally lose the ability to read scrolls when taking damage.


Message History

The lich flickers and vanishes!
Deactivating autopickup; reactivate with Ctrl-A.
As you read the scroll labelled ZOJYEL QOMUZ, it crumbles to dust.
You feel strangely unstable.
You feel the power of the Abyss delaying your translocation!
It was a scroll of teleportation.
The tormentor misses you. The tormentor hits you.
You hear some strange, mumbled words.
The tormentor hits you.
* * * LOW HITPOINT WARNING * * *
The tormentor closely misses you.
You feel much better.
The tormentor calls on the powers of darkness!
Your body is wracked with pain!
Something touches you but does no damage.
You hear some strange, mumbled words.
You feel yourself slow down. Something touches you!
You feel threatened and lose the ability to read scrolls!
* * * LOW HITPOINT WARNING * * *
Something touches you.
* * * LOW HITPOINT WARNING * * *
Something touches you.
* * * LOW HITPOINT WARNING * * *
Something touches you but does no damage.
The tormentor calls on the powers of darkness!
Your body is wracked with pain!
* * * LOW HITPOINT WARNING * * *
You feel much better.
You hear some strange, mumbled words.
A bolt of cold appears from out of thin air!
The bolt of cold hits you!!!
Ouch! That really hurt!
* * * LOW HITPOINT WARNING * * *
The tormentor calls on the powers of darkness!
You feel a surge of unholy energy. Something touches you.
* * * LOW HITPOINT WARNING * * *
The tormentor closely misses you. The tormentor hits you.
You die...
Your body crumbles into a pile of gold.

.#...##~~~ ~
~~ . # ..#.#
≈.≈ ~ ~ ..
###...#.# .# ~
#.. ....#..#
.~#
#....###..#...
.##....##. ..#
.#..##... #
##{#.#.#...x#
#@#.##.#.. .
.# ##2#.2.#.##
##
#..##......#
#### ####### #


You could see a tormentor.

Vanquished Creatures
  A hell hog (Abyss:1)
  A raiju (Abyss:1)
  A vampire (D:5)
  5 steam dragons
  2 water moccasins
  An ice beast (D:6)
  4 orc warriors
  2 sky beasts
  A black bear (D:6)
  An ogre (D:4)
  A hornet zombie (Ossuary)
  2 centaurs (D:6)
  5 bullfrogs
  2 scorpions
  2 wyvern zombies (Ossuary)
  2 water moccasin zombies (Ossuary)
  4 wights (D:9)
  7 howler monkeys (D:7)
  4 bullfrog zombies (Ossuary)
  5 centaur zombies (Ossuary)
  An iron imp (D:6)
  An orc priest (D:9)
  A hound (D:7)
  A jelly (D:4)
  4 gnoll boudas
  2 iguanas
  16 mummies (Ossuary)
  6 orc wizards
  4 howler monkey zombies (Ossuary)
  11 gnolls
  9 adders
  A shadow imp (D:6)
  3 white imps
  4 dart slugs
  24 orcs
  7 endoplasms
  2 giant cockroaches
  4 goblins
  5 hobgoblins
  4 kobolds
  3 quokkas
  9 ball pythons
  7 bats
  8 frilled lizards
  3 rats
193 creatures vanquished.

Vanquished Creatures (collateral kills)
  A black bear (D:6)
  2 orc priests
  A gnoll bouda (D:4)
  3 gnolls (D:5)
  5 orcs
12 creatures vanquished.

Vanquished Creatures (others)
  An angel (D:3)
  A two-headed ogre (D:9)
  A water moccasin (D:5)
  A scorpion (D:5)
  A wight (D:9)
  An iguana (D:6)
6 creatures vanquished.

Grand Total: 211 creatures vanquished

Notes
Turn   | Place    | Note
-------+----------+-------------------------------------------
     0 | D:1      | H0rd4k the Octopode Artificer began the quest for the Orb.
     0 | D:1      | Reached XP level 1. HP: 13/13 MP: 1/1
    39 | D:1      | Found Qararch's Antique Weapon Shop.
    77 | D:1      | Reached XP level 2. HP: 15/18 MP: 2/2
   412 | D:1      | Reached XP level 3. HP: 19/23 MP: 3/3
   688 | D:2      | Reached skill level 2 in Stealth
   955 | D:2      | Identified the +2 robe "Aruluj" {Fly rC- Dex+4}
   993 | D:2      | Identified the +5 whip of the Supporting Gods {flame, rN+}
  1501 | D:3      | Reached skill level 3 in Stealth
  1501 | D:3      | Reached skill level 1 in Unarmed Combat
  1501 | D:3      | Reached XP level 4. HP: 23/28 MP: 1/4
  1609 | D:3      | Found a white marble altar of Elyvilon.
  1767 | D:3      | Found a hide-covered altar of Uskayaw.
  1819 | D:3      | Found a glowing silver altar of Zin.
  1819 | D:3      | Noticed an angel
  1820 | D:3      | Found a shimmering altar of Xom.
  1866 | D:3      | Killed an angel
  2420 | D:4      | Reached skill level 1 in Maces & Flails
  2420 | D:4      | Reached skill level 4 in Stealth
  2420 | D:4      | Reached XP level 5. HP: 33/33 MP: 5/5
  2458 | D:4      | Noticed an ogre
  2472 | D:4      | Reached skill level 5 in Stealth
  2671 | D:4      | Killed an ogre
  2672 | D:4      | Reached XP level 6. HP: 39/39 MP: 6/6
  2926 | D:4      | Found an opulent altar of Gozag.
  3069 | D:4      | Became a worshipper of Gozag Ym Sagoz the Greedy
  3127 | D:5      | Entered Level 5 of the Dungeon
  3127 | D:5      | Noticed a sky beast
  3139 | D:5      | Noticed a water moccasin
  3171 | D:5      | Reached skill level 6 in Stealth
  3378 | D:5      | Found a staircase to the Ecumenical Temple.
  3400 | D:5      | Killed a sky beast
  3401 | D:5      | Reached XP level 7. HP: 18/45 MP: 5/7
  3701 | D:5      | Found Pesiopint's Weapon Shop.
  4290 | D:5      | Noticed a vampire
  4301 | D:5      | Killed a vampire
  4302 | D:5      | Reached skill level 7 in Stealth
  4597 | D:5      | Found a burning altar of Makhleb.
  4939 | D:1      | Bought a transparent dagger for 140 gold pieces
  4939 | D:1      | Identified the +4 dagger of Reason {venom, *Noise Str+4}
                  | (You bought it in a shop on level 1 of the Dungeon)
  5219 | D:6      | Reached skill level 1 in Spellcasting
  5219 | D:6      | Reached XP level 8. HP: 31/52 MP: 6/9
  5255 | D:6      | HP: 2/52 [orc/boomerang (5)]
  5269 | D:6      | Gained mutation: You are dopey. (Int -2) [potion of
                  | mutation]
  5269 | D:6      | Gained mutation: You have hidden genetic defects. [potion
                  | of mutation]
  5383 | D:6      | Found a sand-covered staircase.
  5393 | Ossuary  | Entered an ossuary
  5497 | Ossuary  | Gained mutation: You occasionally lose the ability to read
                  | scrolls when taking damage. [hidden defects]
  5520 | Ossuary  | Reached skill level 8 in Stealth
  5524 | Ossuary  | Reached skill level 5 in Evocations
  5538 | Ossuary  | Reached skill level 5 in Maces & Flails
  5554 | Ossuary  | Gained mutation: You sometimes lose your temper in combat.
                  | [hidden defects]
  5554 | Ossuary  | Lost mutation: You have hidden genetic defects. [hidden
                  | defects expressed]
  5561 | Ossuary  | Lost mutation: You sometimes lose your temper in combat.
                  | [potion of mutation]
  5561 | Ossuary  | Lost mutation: You occasionally lose the ability to read
                  | scrolls when taking damage. [potion of mutation]
  5561 | Ossuary  | Lost mutation: You are dopey. (Int -2) [potion of mutation]
  5561 | Ossuary  | Gained mutation: You are dopey. (Int -2) [potion of
                  | mutation]
  5561 | Ossuary  | Gained mutation: You occasionally lose the ability to read
                  | scrolls when taking damage. [potion of mutation]
  5561 | Ossuary  | Gained mutation: You are partially covered in iridescent
                  | scales. (AC +2) [potion of mutation]
  5689 | Ossuary  | Reached XP level 9. HP: 33/58 MP: 7/13
  6524 | D:6      | Found a snail-covered altar of Cheibriados.
  6813 | D:1      | Bought a masterwork demon trident for 400 gold pieces
  6813 | D:1      | Identified the +7 demon trident of Precise Incision {venom,
                  | rC- rN+++ rCorr Int+3} (You bought it in a shop on level 1
                  | of the Dungeon)
  6902 | D:4      | Learned a level 7 spell: Malign Gateway
  7028 | D:7      | Reached skill level 5 in Fighting
  7229 | D:7      | Reached skill level 1 in Polearms
  7229 | D:7      | Reached skill level 1 in Summonings
  7486 | D:7      | Reached skill level 5 in Dodging
  7648 | D:7      | Found a shimmering blue altar of Sif Muna.
  7745 | D:7      | Reached XP level 10. HP: 68/68 MP: 16/16
  8065 | D:7      | Learned a level 3 spell: Inner Flame
  8098 | D:8      | Reached skill level 9 in Stealth
  8860 | D:8      | Noticed Joseph
  9163 | D:9      | Noticed a two-headed ogre
  9175 | D:9      | Reached skill level 5 in Polearms
  9459 | D:9      | Noticed Erolcha
  9462 | Abyss:1  | Cast into level 1 of the Abyss (Erolcha)
  9535 | Abyss:1  | Noticed a hell hog
  9542 | Abyss:1  | Killed a hell hog
  9543 | Abyss:1  | Reached skill level 5 in Spellcasting
  9584 | Abyss:1  | Noticed a smoke demon
  9607 | Abyss:1  | Noticed a lich
  9629 | Abyss:1  | HP: 3/69 [something/bolt of cold (42)]
  9629 | Abyss:1  | Slain by a tormentor

Illustrated notes

Levels and vault maps discovered:
D:1:      ncdulo_halloftheorcs, layout_rooms, serial_shops,
          nicolae_shop_advertising_works [nicolae_subvault_shop_adworks]
D:2:      layout_loops_ring
D:3:      layout_loops_corners, grunt_temple_overflow_order_and_chaos_1,
          elyvilon_altar_3, old_standard_altar, grunt_decor_cap
D:4:      layout_gridville, lemuel_doored_altar, minmay_pentomino_pile
D:5:      layout_layer_cave, lightli_temple_of_fire,
          minmay_temple_entry_gardened_gates, serial_shops,
          nicolae_shop_bloodbath_and_beyond
D:6:      layout_basic, chei_slow_surprise, nicolae_ossuary_entry_monument,
          minmay_manual_mares
D:7:      layout_loops_ring, lemuel_blue_sif_altar, minmay_circle_x
D:8:      layout_gridville, uniq_joseph
D:9:      layout_roguey, kennysheep_orc_monster_closet_entryway,
          gammafunk_ghost_grave, uniq_gastronok, uniq_erolcha, uniq_pikel,
          uniq_harold
Abyss:1:  base: D:4, gammafunk_corrupted_shrine

Skill      XL: |  1  2  3  4  5  6  7  8  9 10 |
---------------+-------------------------------+-----
Dodging        | 3 4 5 |  5.4
Stealth        | 3 4 5 6 7 8 9 |  9.5
Unarmed Combat | 1 |  1.4
Maces & Flails | 1 2 4 5 6 |  6.8
Fighting       | 2 3 4 5 6 |  6.7
Evocations     | 4 5 |  5.2
Spellcasting   | 1 2 4 5 |  5.1
Polearms       | 2 6 |  6.1
Summonings     | 2 4 |  4.0

Action                     |  1- 3 |  4- 6 |  7- 9 | 10-12 || total
---------------------------+-------+-------+-------+-------++-------
  Melee: Unarmed           |    69 |       |       |       ||    69
         Tentacles         |    21 |     9 |    75 |    23 ||   128
         Constrict         |    18 |     7 |    48 |    20 ||    93
         Punch             |     3 |       |     4 |     5 ||    12
         Whip              |    13 |    58 |   204 |       ||   275
         Demon trident     |       |       |    73 |   107 ||   180
  Evoke: Wand              |       |    10 |    14 |     7 ||    31
    Use: Potion            |       |       |     9 |     3 ||    12
         Scroll            |       |       |       |     3 ||     3
   Stab: Sleeping          |    16 |    12 |     5 |     5 ||    38
         Distracted        |       |     1 |     7 |       ||     8
 Armour: Skin              |     7 |     5 |    63 |    21 ||    96
  Dodge: Dodged            |    46 |    33 |   151 |    68 ||   298
